 Dungeon Crawl Stone Soup version 0.28.0-43-g3370ac3207 (webtiles) character file.

Game seed: 17741843959893941265

214 mortz the Magician (level 5, -1/28 HPs)
             Began as a Deep Elf Air Elementalist on Mar 29, 2022.
             Killed by their own static electricity (2 damage)
             ... on level 3 of the Dungeon.
             The game lasted 00:13:14 (3986 turns).

mortz the Magician (Deep Elf Air Elementalist)      Turns: 3986, Time: 00:13:15

Health: -1/28      AC:  2    Str:  5    XL:     5   Next: 59%
Magic:  10/15      EV: 12    Int: 22    God:
Gold:   92         SH:  0    Dex: 15    Spells: 12/15 levels left

rFire   . . .      SeeInvis .   s - +2 war axe (vamp) {axe}
rCold   . . .      Faith    .   (no shield)
rNeg    . . .      Spirit   .   a - +0 robe
rPois   .          Reflect  .   (no helmet)
rElec   .          Harm     .   (no cloak)
rCorr   .          Rampage  .   (no gloves)
Will    .....                   (no boots)
Stlth   ++........              (no amulet)
HPRegen 0.09/turn               (no ring)
MPRegen 0.14/turn               (no ring)

@: no status effects
A: no striking features
a: no special abilities


You were on level 3 of the Dungeon.
You visited 1 branch of the dungeon, and saw 4 of its levels.

You collected 92 gold pieces.


   Skills:
 + Level 2.6 Dodging
 + Level 3.5 Stealth
 + Level 5.5 Spellcasting
 + Level 2.7 Conjurations
 + Level 4.0 Air Magic


You had 12 spell levels left.
You knew the following spells:

 Your Spells              Type           Power      Damage    Failure   Level
a - Shock                 Conj/Air       84%        1d8       2%          1
b - Static Discharge      Conj/Air       21%        N/A       3%          2

Your spell library contained the following spells:

 Spells                   Type           Power      Damage    Failure   Level
 Swiftness                Air            23%        N/A       5%          3
 Sandblast                Erth           12%        2d6       10%         1
 Passwall                 Tmut/Erth      5%         N/A       14%         2
 Stone Arrow              Conj/Erth      24%        3d8       16%         3
 Airstrike                Air            11%        N/A       19%         4

Inventory:

Hand Weapons
 c - a +0 club {mace}
   (You took it off a kobold on level 1 of the Dungeon)
 g - a +0 war axe {axe}
   (You found it on level 1 of the Dungeon)
 s - a +2 vampiric war axe (weapon) {axe}
   (You found it on level 3 of the Dungeon)
 x - a +0 spear {polearm}
   (You found it on level 4 of the Dungeon)
 z - a +0 mace {mace}
   (You found it on level 4 of the Dungeon)
Missiles
 d - 99 stones {throwing}
 f - 23 bolts
 h - 17 sling bullets
 i - 3 boomerangs of dispersal {=f!fthrowing}
 m - 57 arrows
 o - 6 boomerangs {throwing}
Armour
 a - a +0 robe (worn)
 e - a +0 leather armour
   (You found it on level 1 of the Dungeon)
 t - a scarf of shadows
   (You found it on level 3 of the Dungeon)
 w - a +0 chain mail
   (You found it on level 3 of the Dungeon)
 y - a +0 cloak
   (You found it on level 4 of the Dungeon)
Scrolls
 b - a scroll of holy word {unknown}
 k - 3 scrolls of identify {unknown}
 l - a scroll of magic mapping {unknown}
 n - a scroll of enchant armour {unknown}
 p - a scroll of fog {unknown}
 q - a scroll of teleportation {unknown}
 r - a scroll of enchant weapon {unknown}
 u - a scroll of fear {unknown}
 v - a scroll of immolation {unknown}
Potions
 j - a potion of heal wounds {unknown}

Dungeon Overview and Level Annotations

Branches:
Dungeon (4/15)
 Temple: D:4-7

Altars:
Dithmenos
Nemelex Xobeh
Qazlal

Shops:
D:2

( ############## #.............
####### #.###########. ......#
#####...........#. ......#
#...............#.
......##########.###...........#.
................O# #.............
...)...........#@# #...........#.
......#######..##############'##.
......# #......#.......##.##.
......## ####.####.##.####.##.##.
.......# #......##.##...#.....##.
.......###.##....#.....<.........
##.........##§.§§§......########.
#######.#####..§§§......# #......
................###....## #.#####


You could see an ogre.


Message History

Aim: an ogre, wielding a +0 giant club (lightly wounded, 88% to hit)
The zap hits the ogre! 😎 MP[-1]
You lost 1 mp, and now have 13/15 mp.
Aiming: Shock (safe; 2% risk of failure)
Press: ? - help, Q - select action, (/) - cycle Shift-Dir - straight line, f/p - ogre
Aim: an ogre, wielding a +0 giant club (moderately wounded, 88% to hit)
The zap hits the ogre! 😎 MP[-1]
You lost 1 mp, and now have 12/15 mp.
Casting: Shock (safe; 2% risk of failure)
Confirm with . or Enter, or press ? or * to list all spells.
The ogre is struck by an arc of lightning.
You are struck by an arc of lightning.
The lightning grounds out.
The ogre misses you. 😕 HP[-3] MP[-2]
You take 3 damage, and now have 25/28 hp.
You lost 2 mp, and now have 10/15 mp.
Casting: Static Discharge (safe; 3% risk of failure)
Confirm with . or Enter, or press ? or * to list all spells.
You miscast Static Discharge.
You are very lightly contaminated with residual magic.
Nothing appears to happen.
The ogre hits you with a +0 giant club!!
Ouch! That really hurt!
* * * LOW HITPOINT WARNING * * *
😱 HP[-24] MP[-2]
You take 24 damage, and now have 1/28 hp.
MASSIVE DAMAGE!! (PAUSE)
You lost 2 mp, and now have 8/15 mp.
You see here a bullfrog corpse. 😱 HP[+1] MP[+1]
Your magical contamination has completely faded away. 😱 MP[+1] 😱 HP[+1] 😱 MP[+1] 😱 MP[+1] 😱 HP[+1] 😱 MP[+1]
There is a stone staircase leading up, spattered with blood here.
You climb upwards.
There is a stone staircase leading down here.
You start resting. 😱 HP[+1] MP[+2]
Your mp is fully restored (15).
You start resting. 😎 HP[+23]
Your hp is fully restored (28).
There is an open door here.
There is a stone staircase leading up here.
There is a stone staircase leading down here.
You climb downwards.
There is a stone staircase leading up here.
Aiming: Shock (safe; 2% risk of failure)
Press: ? - help, Q - select action, (/) - cycle Shift-Dir - straight line, f - ball python
Aim: a ball python (asleep, 100% to hit)
The zap hits the ball python. 😎 MP[-1]
You lost 1 mp, and now have 14/15 mp.
Aiming: Shock (safe; 2% risk of failure)
Press: ? - help, Q - select action, (/) - cycle Shift-Dir - straight line, f/p - ball python
Aim: a ball python (severely wounded, 71% to hit)
The zap hits the ball python.
You kill the ball python! 😎 MP[-1]
You lost 1 mp, and now have 13/15 mp.
An ogre is nearby! 😎 MP[+2]
Your mp is fully restored (15).
The ogre misses you.
An endoplasm comes into view.
The endoplasm quivers.
A scorpion comes into view.
There is a stone staircase leading up here.
The ogre closely misses you.
You climb upwards.
There is a stone staircase leading down here.
Aiming: Shock (safe; 2% risk of failure)
Press: ? - help, Q - select action, (/) - cycle Shift-Dir - straight line The zap misses the ogre.
The zap hits the ogre! 😎 MP[-1]
You lost 1 mp, and now have 14/15 mp.
Casting: Shock (safe; 2% risk of failure)
Confirm with . or Enter, or press ? or * to list all spells.
The ogre is struck by an arc of lightning.
You are struck by an arc of lightning.
The ogre is struck by an arc of lightning.
The lightning grounds out.
The ogre hits you with a +0 giant club!!
Ouch! That really hurt!
* * * LOW HITPOINT WARNING * * *
😱 HP[-27] MP[-2]
You take 27 damage, and now have 1/28 hp.
MASSIVE DAMAGE!! (PAUSE)
You lost 2 mp, and now have 12/15 mp.
Casting: Static Discharge (safe; 3% risk of failure)
Confirm with . or Enter, or press ? or * to list all spells.
The ogre is struck by an arc of lightning!
You are struck by an arc of lightning.
You die...

Skill      XL: |  1  2  3  4  5 |
---------------+----------------+-----
Spellcasting   | 4 5 |  5.5
Conjurations   | 2 |  2.7
Stealth        | 3 |  3.5
Air Magic      | 4 |  4.0
Dodging        | |  2.6

Action                   |  1- 3 |  4- 6 || total
-------------------------+-------+-------++-------
 Cast: Shock             |    56 |    53 ||   109
       Static Discharge  |     2 |    13 ||    15
Armor: Robe              |     2 |     1 ||     3
Dodge: Dodged            |     4 |     9 ||    13

Levels and vault maps discovered:
D:1:      dpeg_arrival_long_road, layout_loops_ring, roderic_roman_lattice
D:2:      layout_basic, serial_shops, nicolae_shop_waterfront,
          amcnicky_mini_rare_corridor_liquid, uniq_jessica
D:3:      layout_basic, grunt_dithmenos_smoke, minitemple,
          minmay_misc_feat_rugged
D:4:      layout_cave_pools, bloody_makhleb, temple_doors_e,
          minmay_crystal_room, bh_walls_and_bars

Notes
Turn   | Place    | Note
-------+----------+-------------------------------------------
     0 | D:1      | mortz the Deep Elf Air Elementalist began the quest for the
                  | Orb.
     0 | D:1      | Reached XP level 1. HP: 10/10 MP: 6/6
     0 | D:1      | magus.rc [v1.9.6]
   557 | D:1      | Reached XP level 2. HP: 15/15 MP: 1/8
   740 | D:1      | You pick up a book of Geomancy and begin reading...
   740 | D:1      | You add the spells Sandblast, Passwall and Stone Arrow to
                  | your library.
   744 | D:1      | Learned a level 2 spell: Static Discharge
  1379 | D:2      | Reached XP level 3. HP: 19/19 MP: 8/10
  1550 | D:2      | Found Zeb Ucug's Antique Weapon Boutique.
  1631 | D:2      | Noticed Jessica
  1634 | D:2      | Killed Jessica
  1635 | D:2      | Reached skill level 4 in Spellcasting
  1635 | D:2      | Reached skill level 2 in Conjurations
  1853 | D:2      | Reached XP level 4. HP: 24/24 MP: 9/12
  1978 | D:2      | You fall into a shaft and drop 1 floor!
  2806 | D:3      | Found a shadowy altar of Dithmenos.
  3075 | D:3      | Found a stormy altar of Qazlal.
  3132 | D:3      | Found a sparkling altar of Nemelex Xobeh.
  3192 | D:4      | Reached skill level 3 in Stealth
  3192 | D:4      | Reached skill level 5 in Spellcasting
  3192 | D:4      | Reached XP level 5. HP: 9/28 MP: 0/14
  3502 | D:4      | Reached skill level 4 in Air Magic
  3549 | D:4      | Noticed an ogre
  3584 | D:4      | HP: 1/28 [ogre/+0 giant club (24)]
  3985 | D:3      | HP: 1/28 [ogre/+0 giant club (24)]
  3986 | D:3      | Killed from afar by themself

Vanquished Creatures
  A bullfrog (D:4)
  A water moccasin skeleton (D:4)
  Jessica (D:2)
  2 adders (D:2)
  A worm (D:2)
  2 orcs (D:3)
  5 endoplasms
  4 giant cockroaches
  2 goblins
  5 hobgoblins
  3 quokkas
  14 ball pythons
  2 bats
  2 frilled lizards
  6 kobolds
  8 rats
59 creatures vanquished.

Table legend:
 A = Non-vault XP
 B = Vault XP
 C = Vault XP percentage of total XP
 D = Non-vault monster count
 E = Vault monster count
 F = Vault count percentage of total count
                 A         B        C        D         E       F
            +---------+---------+-------+---------+---------+-------
      Total |     269 |      37 |  12.1 |      58 |       1 |   1.7
            +---------+---------+-------+---------+---------+-------
        D:1 |      18 |       0 |   0.0 |      13 |       0 |   0.0
        D:2 |      56 |      37 |  39.8 |      19 |       1 |   5.0
        D:3 |      32 |       0 |   0.0 |      18 |       0 |   0.0
        D:4 |     163 |       0 |   0.0 |       8 |       0 |   0.0
            +---------+---------+-------+---------+---------+-------

Illustrated notes

Table legend:
 A = Kills in this place as a percentage of kills in entire the game.
 B = Kills by you in this place as a percentage of kills by you in the entire game.
 C = Kills by friends in this place as a percentage of kills by friends in the entire game.
 D = Other kills in this place as a percentage of other kills in the entire game.
 E = Experience gained in this place as a percentage of experience gained in the entire game.
 F = Experience gained in this place divided by the number of levels of this place that you have seen.
                   A       B       C       D       E      F
               +-------+-------+-------+-------+-------+----------------------
         Total | 100.0 | 100.0 |   N/A |   N/A | 100.0 |  76.5
       Dungeon | 100.0 | 100.0 |   N/A |   N/A | 100.0 |  76.5
               +-------+-------+-------+-------+-------+----------------------

Table legend: (Time is in decaauts)
 A = Elapsed time spent in this place.
 B = Non-inter-level travel time spent in this place.
 C = Inter-level travel time spent in this place.
 D = Time resting spent in this place.
 E = Time spent auto-exploring this place.
 F = Levels seen in this place.
 G = Mean time per level.
                   A        B        C        D        E       F      G
               +--------+--------+--------+--------+--------+-----+--------+
         Total |   3989 |   3782 |    207 |    685 |   2631 |   4 |  997.2 |
       Dungeon |   3989 |   3782 |    207 |    685 |   2631 |   4 |  997.2 |
               +--------+--------+--------+--------+--------+-----+--------+

Top non-repeatable levels by time:
     D:3: 1363 daAuts
     D:2: 1267 daAuts
     D:1: 1076 daAuts
     D:4: 282 daAuts
